 Dungeon Crawl Stone Soup version 0.20-a0-1122-gb7cbeb9 (webtiles) character file.

396 wolfsongas the Sneak (level 6, -24/56 HPs)
             Began as a Naga Berserker on May 15, 2017.
             Was a Believer of Trog.
             Annihilated by an ogre
             ... wielding a +0 giant club
              (27 damage)
             ... on level 4 of the Dungeon.
             The game lasted 00:08:44 (3839 turns).

wolfsongas the Sneak (Naga Berserker)               Turns: 3839, Time: 00:08:45

Health: -24/56     AC:  9    Str: 19    XL:     6   Next: 83%
Magic:  0/6        EV:  4    Int:  8    God:    Trog [**....]
Gold:   174        SH:  0    Dex: 12    Spells: 5/5 levels left

rFire    . . .     SeeInvis +   l - -2 mace (curse)
rCold    . . .     Gourm    .   (no shield)
rNeg     . . .     Faith    .   o - +0 plate armour
rPois    +         Spirit   +   (no helmet)
rElec    .         Reflect  .   j - +0 cloak
rCorr    .         Harm     .   b - +0 pair of gloves
MR       .....                  (no barding)
Stlth    ..........             c - amulet of guardian spirit
Regen    0.2/turn               m - ring of loudness (curse)
MPRegen  0.1/turn               (no ring)

@: very slow
A: see invisible, deformed body, poison resistance, slowness 2, slow metabolism
1, spit poison 1, AC +2
a: Spit Poison, Berserk, Trog's Hand, Burn Spellbooks, Renounce Religion


You were on level 4 of the Dungeon.
You worshipped Trog.
Trog was pleased with you.
You were not hungry.

You visited 1 branch of the dungeon, and saw 4 of its levels.

You collected 174 gold pieces.

Inventory:

Hand Weapons
 a - a +0 spear
 e - a +1 scythe of protection
 k - a +2 quarterstaff of chaos
 l - a cursed -2 mace (weapon)
Armour
 b - a +0 pair of gloves (worn)
 d - a +1 chain mail
 j - a +0 cloak (worn)
 o - a +0 plate armour (worn)
Jewellery
 c - an amulet of guardian spirit (around neck)
 m - a cursed ring of loudness (left hand)
Scrolls
 n - a scroll of identify
Potions
 p - a potion of berserk rage
Comestibles
 f - 3 royal jellies
 g - 3 meat rations
 h - 2 bread rations
 i - 5 fruits


   Skills:
 - Level 3.1 Fighting
 * Level 6.1 Polearms
 - Level 1.5 Armour
 - Level 1.5 Dodging
 - Level 6.1 Stealth


You had 5 spell levels left.
You didn't know any spells.

Dungeon Overview and Level Annotations

Branches:
Dungeon (4/15)
 Temple: D:4-7

Altars:
Gozag
Yredelemnul


Innate Abilities, Weirdness & Mutations

You cannot wear boots.
Your serpentine skin is tough. (AC +2)
You have supernaturally acute eyesight. (SInv)
Armour fits poorly on your strangely shaped body.
Your system is resistant to poisons. (rPois)
You cover ground very slowly.
You have a slow metabolism.
You can spit poison.


Message History

You are too injured to fight recklessly!
You are too injured to fight recklessly!
You are too injured to fight recklessly!
You are too injured to fight recklessly!
You are too injured to fight recklessly!
You are too injured to fight recklessly!
You are too injured to fight recklessly!
You are too injured to fight recklessly!
You are too injured to fight recklessly!
You are too injured to fight recklessly!
You are too injured to fight recklessly!
You are too injured to fight recklessly!
You are too injured to fight recklessly!
You are too injured to fight recklessly!
You are too injured to fight recklessly!
You are too injured to fight recklessly!
You closely miss the ogre.
The ogre is lightly wounded.
The ogre hits you with a giant club!!
You die...

#.......###########.######.
######.#...........#.......
#.#.#####.####.#######
#.#.# #. #.#.# #. #.#.# #.
#.#.# #. #.#.#####.# .#
#....@O...# # ###.......#
#..$P.P.# #$#.._..#
#...P.P... ###......##
###....# #####


You could see an ogre.

Vanquished Creatures
  Sigmund (D:2)
  The ghost of knot the Sneak, an amateur DsAs (D:4)
  Crazy Yiuf (D:3)
  4 adders
  An ooze (D:3)
  3 worms
  A leopard gecko (D:4)
  4 bats
  6 giant cockroaches
  7 goblins
  9 hobgoblins
  11 jackals
  7 kobolds (D:1)
  3 quokkas
  2 frilled lizards
  21 rats
82 creatures vanquished.

Notes
Turn   | Place    | Note
-------+----------+-------------------------------------------
     0 | D:1      | wolfsongas the Naga Berserker began the quest for the Orb.
     0 | D:1      | Reached XP level 1. HP: 21/21 MP: 1/1
   495 | D:1      | Reached skill level 1 in Stealth
   511 | D:1      | Reached XP level 2. HP: 22/28 MP: 2/2
  1412 | D:2      | Reached XP level 3. HP: 29/34 MP: 3/3
  1606 | D:2      | Noticed Sigmund
  1619 | D:2      | Killed Sigmund
  1619 | D:2      | Reached skill level 5 in Stealth
  1619 | D:2      | Reached XP level 4. HP: 25/42 MP: 4/4
  1619 | D:2      | Reached XP level 5. HP: 29/49 MP: 5/5
  2034 | D:2      | Reached ** piety under Trog
  2450 | D:3      | Reached skill level 5 in Polearms
  2450 | D:3      | Reached XP level 6. HP: 56/56 MP: 6/6
  2714 | D:3      | Found a runed door.
  2718 | D:3      | Noticed Crazy Yiuf
  2722 | D:3      | Killed Crazy Yiuf
  2762 | D:3      | Found an opulent altar of Gozag.
  3336 | D:4      | Noticed knot's ghost (amateur DsAs)
  3364 | D:4      | Killed knot's ghost
  3832 | D:4      | Found a basalt altar of Yredelemnul.
  3839 | D:4      | Annihilated by an ogre

Vault maps used:
D:1:      minmay_arrival_split_and_join
D:2:      uniq_sigmund
D:3:      nicolae_overflow_crystal_walls, minmay_rat_hole,
          uniq_crazy_yiuf_cottage
D:4:      yredelemnul_altar_generic, fedhas_altar_4

Skill      XL: |  1  2  3  4  5  6 |
---------------+-------------------+-----
Stealth        | 1 2 5 6 |  6.1
Polearms       | 4 5 6 |  6.1
Fighting       | |  3.1
Armour         | |  1.5
Dodging        | |  1.5

Action                   |  1- 3 |  4- 6 || total
-------------------------+-------+-------++-------
Melee: Spear             |   135 |       ||   135
       Scythe            |       |   151 ||   151
       Mace              |       |   124 ||   124
Invok: Berserk           |     1 |     2 ||     3
  Use: Scroll            |     4 |     3 ||     7
       Potion            |     5 |     2 ||     7
 Stab: Invisible         |     1 |       ||     1
  Eat: Chunk             |     1 |     1 ||     2
       Bread ration      |       |     2 ||     2
Armor: Chain mail        |    60 |   287 ||   347
       Plate armour      |       |    38 ||    38
Dodge: Dodged            |    34 |   100 ||   134
